 Dungeon Crawl Stone Soup version 0.21.1-1-g345015fe64 (webtiles) character file.

19191 Oravi the Transmogrifier (level 12, -3/87 HPs)
             Began as a Merfolk Transmuter on May 3, 2018.
             Was the Champion of Okawaru.
             Slain by a catoblepas (8 damage)
             ... on level 12 of the Dungeon.
             The game lasted 00:59:32 (13377 turns).

Oravi the Transmogrifier (Merfolk Transmuter)      Turns: 13377, Time: 00:59:33

Health: -3/87      AC:  2    Str: 11    XL:     12   Next: 66%
Magic:  13/26      EV:  5    Int: 19    God:    Okawaru [******]
Gold:   532        SH:  0    Dex: 19    Spells: 13/27 levels left

rFire    . . .     SeeInvis +     - Unarmed
rCold    . . .     Gourm    .   (shield currently unavailable)
rNeg     + + +     Faith    .   (armour currently unavailable)
rPois    ∞         Spirit   .   (helmet currently unavailable)
rElec    .         Reflect  .   (cloak currently unavailable)
rCorr    .         Harm     .   (gloves currently unavailable)
MR       .....                  (boots currently unavailable)
Stlth    ++........             (no amulet)
HPRegen  0.64/turn              L - +3 ring of evasion
MPRegen  0.20/turn              A - ring of see invisible

@: spider-form, petrified, drained
A: tiny, (change form in water), (swift swim), (stealthy swim), blurry vision 1,
clever 1, frail 1, high mp 1, regeneration 1, MP-powered wands
a: End Transformation, Heroism, Finesse, Renounce Religion


You were on level 12 of the Dungeon.
You worshipped Okawaru.
Okawaru was exalted by your worship.
You were not hungry.
You were a venomous arachnid creature.
You visited 1 branch of the dungeon, and saw 12 of its levels.
You also visited: Sewer.

You collected 532 gold pieces.

Inventory:

Missiles
 a - 347 arrows
 f - 291 stones (quivered)
 w - 20 tomahawks
Armour
 b - a +0 pair of boots
 r - a +1 helmet (melded)
 B - a +0 cloak (melded)
 H - a +0 troll leather armour (melded) {Purgy}
 M - a +1 robe of fire resistance
 T - the +5 ring mail of Hairiness {Regen+ Dex+4 Stlth+}
   (Okawaru gifted it to you on level 9 of the Dungeon)

   It affects your dexterity (+4).
   It increases your rate of regeneration.
   It makes you more stealthy.
Magical Staves
 h - an uncursed staff of air
 u - an uncursed staff of fire
Jewellery
 t - an uncursed ring of fire
 x - an uncursed ring of ice
 A - a ring of see invisible (right front leg)
 J - an uncursed ring of wizardry
 L - a +3 ring of evasion (left front leg)
 P - an uncursed ring of poison resistance
 U - an uncursed ring of ice
 X - an uncursed ring of stealth {unknown}
Wands
 C - a wand of random effects (24)
 K - a wand of digging (19)
 N - a wand of flame (34)
 O - a wand of enslavement (9)
 Q - a wand of paralysis (10)
 S - a wand of acid (21)
 V - a wand of clouds (5)
Scrolls
 e - a scroll of immolation
 i - 4 scrolls of teleportation
 j - 6 scrolls of remove curse
 k - 3 scrolls of enchant armour
 l - 2 scrolls of enchant weapon
 m - 4 scrolls of fear
 q - 2 scrolls of fog
 y - 3 scrolls of amnesia
 R - a scroll of blinking
Potions
 g - 2 potions of brilliance
 n - a potion of agility
 o - 3 potions of flight
 p - a potion of lignification
 s - a potion of heal wounds
 v - a potion of cancellation
 z - a potion of haste
 E - a potion of magic
 F - 5 potions of curing
 G - 2 potions of ambrosia
Books
 c - a book of Changes

   Spells                             Type                      Level
   a - Beastly Appendage              Transmutation                1
   b - Sticks to Snakes               Transmutation                2
   c - Spider Form                    Transmutation/Poison         3
   d - Ice Form                       Ice/Transmutation            4
   e - Blade Hands                    Transmutation                5
 D - a book of Cantrips

   Spells                             Type                      Level
   a - Confusing Touch                Hexes                        1
   b - Animate Skeleton               Necromancy                   1
   c - Summon Small Mammal            Summoning                    1
   d - Apportation                    Translocation                1
 I - a book of Misfortune

   Spells                             Type                      Level
   a - Confusing Touch                Hexes                        1
   b - Confuse                        Hexes                        3
   c - Gell's Gravitas                Translocation                3
   d - Petrify                        Transmutation/Earth          4
   e - Metabolic Englaciation         Hexes/Ice                    5
   f - Yara's Violent Unravelling     Hexes/Transmutation          5
 W - a book of Air

   Spells                             Type                      Level
   a - Shock                          Conjuration/Air              1
   b - Swiftness                      Charms/Air                   2
   c - Static Discharge               Conjuration/Air              3
   d - Airstrike                      Air                          4
   e - Lightning Bolt                 Conjuration/Air              5
Comestibles
 d - 19 rations
 Y - 18 chunks of flesh


   Skills:
 + Level 9.7(9.4) Fighting
 + Level 11.5(11.2) Dodging
 + Level 10.5(10.2) Unarmed Combat
 + Level 8.3(8.0) Spellcasting
 + Level 11.9(11.6) Transmutations
 - Level 5.1(4.8) Ice Magic
 - Level 3.0(2.7) Poison Magic


You had 13 spell levels left.
You knew the following spells:

 Your Spells              Type           Power        Failure   Level  Hunger
a - Spider Form           Tmut/Pois      ####......   6%          3    None
b - Sticks to Snakes      Tmut           ######..     1%          2    None
c - Ice Form              Ice/Tmut       #####...     11%         4    ###....
d - Blade Hands           Tmut           ######....   8%          5    #####..


Dungeon Overview and Level Annotations

Branches:
Dungeon (12/15)            Temple (0/1) D:7            Lair (0/6) D:9
    Orc (0/2) D:11

Altars:
Cheibriados
Elyvilon
Gozag
Makhleb
Okawaru
Ru
Trog
Zin

Shops:
D:5 [

Annotations:
D:4 Sigmund


Innate Abilities, Weirdness & Mutations

((You revert to your normal form in water.))
((You are very nimble and swift while swimming.))
((You are very stealthy in the water. (Stealth+)))
Scrolls take you a little longer to read.
Your mind is acute. (Int +2)
((Your flesh is cold resistant. (rC+)))
You are frail. (-10% HP)
You have an increased reservoir of magic. (+10% MP)
Your natural rate of healing is unusually fast.
You expend magic power (3 MP) to strengthen your wands.


Message History

The catoblepas breathes a plume of calcifying dust at you.
The blast of calcifying dust hits you!
Your limbs are stiffening.
You bite the catoblepas!
The catoblepas looks as sick as possible!
The catoblepas is moderately wounded.
You are engulfed in calcifying dust.
The catoblepas misses you. The catoblepas gores you.
You have turned to stone.
You are engulfed in calcifying dust.
The catoblepas gores you!!
You are engulfed in calcifying dust.
The catoblepas breathes a plume of calcifying dust at you.
The blast of calcifying dust hits you! The catoblepas barely misses you.
You are engulfed in calcifying dust.
The catoblepas gores you!!
* * * LOW HITPOINT WARNING * * *
You are engulfed in calcifying dust.
The catoblepas gores you!!
* * * LOW HITPOINT WARNING * * *
The catoblepas gores you but does no damage.
The catoblepas gores you!
* * * LOW HITPOINT WARNING * * *
The catoblepas gores you!
You die...

###### #..))#
#.##<# #..))######
#.÷#.#...s#
.####..###.##Y#
............##.#
##############.#
#### #S§§..Y..§..#
...###Y########.)#
##.##§..# #.#...#
...Y§SS.# #....##
Y####...# #...##


You could see a catoblepas.

Vanquished Creatures
  A sphinx (D:10)
  Fannar (D:10)
  A hydra (D:11)
  The ghost of Snarbu88 the Carver, a novice MiFi of Okawaru (D:8)
  4 two-headed ogres
  The ghost of Oravi the Transmogrifier, a novice MfTm of Okawaru (D:9)
  An unseen horror (D:9)
  Pikel (D:4)
  A cyclops (D:11)
  A manticore (D:11)
  An elephant (D:9)
  Psyche (D:8)
  2 gargoyles (D:11)
  A komodo dragon (D:10)
  A troll (D:11)
  A hornet (D:9)
  2 hippogriffs
  A wyvern (D:11)
  15 yaks
  2 basilisks (D:9)
  Menkaure (D:6)
  Purgy (Sewer)
  3 orc warriors
  2 slaves (D:4)
  3 black bears
  A sky beast (D:12)
  6 phantoms
  5 ogres
  10 centaurs
  3 big kobolds
  Blork the orc (D:4)
  4 bullfrogs
  A wyvern skeleton (D:10)
  7 scorpions
  8 wights
  4 howler monkeys
  2 bullfrog zombies
  5 crimson imps
  A centaur zombie (D:6)
  4 jellies
  A quasit (D:11)
  7 orc priests
  A bullfrog skeleton (D:9)
  3 hounds
  19 orc wizards
  A centaur skeleton (D:10)
  An iron imp (D:2)
  6 worker ants
  4 iguanas
  A hound zombie (D:10)
  4 hound skeletons
  Robin (D:2)
  A worker ant zombie (D:10)
  9 adders
  A howler monkey skeleton (D:7)
  A river rat (D:6)
  A shadow imp (D:11)
  5 oozes (D:10)
  2 worms
  4 leopard geckos
  44 orcs
  8 giant cockroaches
  14 goblins
  3 hobgoblins
  10 jackals
  2 quokkas
  5 ball pythons
  5 bats
  7 frilled lizards
  20 kobolds
  A leopard gecko zombie (D:7)
  A quokka skeleton (D:4)
  6 rats
311 creatures vanquished.

Vanquished Creatures (collateral kills)
  A centaur warrior (D:10)
  A basilisk (D:11)
  A sky beast (D:9)
  2 howler monkeys (D:9)
  A bullfrog skeleton (D:12)
  An orc (D:9)
7 creatures vanquished.

Vanquished Creatures (others)
  3 orcs
  2 fungi (D:9)
  A plant (D:9)
6 creatures vanquished.

Grand Total: 324 creatures vanquished

Notes
Turn   | Place    | Note
-------+----------+-------------------------------------------
     0 | D:1      | Oravi the Merfolk Transmuter began the quest for the Orb.
     0 | D:1      | Reached XP level 1. HP: 15/15 MP: 3/3
   139 | D:1      | Reached XP level 2. HP: 21/21 MP: 3/5
   886 | D:2      | HP: 1/21 [worm (11)]
  1270 | D:2      | Noticed Robin
  1319 | D:2      | Killed Robin
  1319 | D:2      | Reached XP level 3. HP: 20/26 MP: 6/6
  1328 | D:2      | Learned a level 2 spell: Sticks to Snakes
  1332 | D:2      | Learned a level 3 spell: Spider Form
  1476 | D:2      | Found a burning altar of Makhleb.
  1486 | D:2      | Reached skill level 1 in Poison Magic
  1486 | D:2      | Reached XP level 4. HP: 30/32 MP: 3/7
  2478 | D:3      | HP: 1/32 [orc priest/divine providence (15)]
  2915 | D:3      | Found an iron altar of Okawaru.
  2935 | D:3      | Became a worshipper of Warmaster Okawaru
  3498 | D:4      | Noticed an ogre
  3509 | D:4      | Killed an ogre
  3509 | D:4      | Reached XP level 5. HP: 36/38 MP: 2/8
  3552 | D:4      | Noticed Blork the orc
  3608 | D:2      | Reached XP level 6. HP: 25/44 MP: 3/9
  3828 | D:4      | Killed Blork the orc
  3828 | D:4      | Reached skill level 5 in Transmutations
  3844 | D:4      | Reached * piety under Okawaru
  3938 | D:4      | Reached skill level 5 in Unarmed Combat
  4190 | D:4      | Found a snail-covered altar of Cheibriados.
  4232 | D:4      | Reached XP level 7. HP: 51/51 MP: 7/11
  4379 | D:4      | Noticed Sigmund
  4381 | D:4      | Noticed Pikel
  4674 | D:4      | Killed Pikel
  4674 | D:4      | Reached ** piety under Okawaru
  4674 | D:4      | Reached skill level 5 in Dodging
  4674 | D:4      | Reached XP level 8. HP: 28/60 MP: 6/13
  4982 | D:4      | Learned a level 4 spell: Ice Form
  5001 | D:5      | Entered Level 5 of the Dungeon
  5369 | D:5      | Reached skill level 1 in Ice Magic
  5789 | D:5      | Found Geosoenei's Armour Emporium.
  5896 | D:5      | Reached XP level 9. HP: 66/66 MP: 11/15
  5953 | D:5      | Learned a level 5 spell: Blade Hands
  6165 | D:6      | Reached *** piety under Okawaru
  6314 | D:6      | Noticed Menkaure
  6329 | D:6      | Killed Menkaure
  6329 | D:6      | Reached skill level 5 in Fighting
  6676 | D:6      | Found a glowing drain.
  6680 | Sewer    | Entered a sewer
  6714 | Sewer    | Noticed Purgy
  6723 | Sewer    | Killed Purgy
  6921 | D:6      | Identified a scroll of acquirement
  7777 | D:7      | Found an opulent altar of Gozag.
  7780 | D:7      | Found a bloodstained altar of Trog.
  7920 | D:7      | Noticed a two-headed ogre
  7931 | D:7      | Killed a two-headed ogre
  7931 | D:7      | Reached **** piety under Okawaru
  7931 | D:7      | Reached skill level 5 in Spellcasting
  7989 | D:7      | Reached XP level 10. HP: 48/76 MP: 13/18
  7999 | D:7      | Found a staircase to the Ecumenical Temple.
  8544 | D:8      | Noticed Snarbu88's ghost (novice MiFi)
  8861 | D:8      | Killed Snarbu88's ghost
  8964 | D:8      | Noticed Psyche
  8967 | D:8      | Killed Psyche
  9378 | D:8      | Noticed a two-headed ogre
  9391 | D:8      | Killed a two-headed ogre
  9391 | D:8      | Reached ***** piety under Okawaru
  9391 | D:8      | Reached skill level 5 in Ice Magic
  9664 | D:9      | Noticed an unseen horror
  9752 | D:9      | Noticed Oravi's ghost (novice MfTm)
  9785 | D:9      | Noticed a two-headed ogre
  9898 | D:9      | Killed Oravi's ghost
  9939 | D:9      | Reached XP level 11. HP: 45/84 MP: 11/20
 10083 | D:9      | Killed an unseen horror
 10130 | D:9      | Reached skill level 10 in Transmutations
 10135 | D:9      | Killed a two-headed ogre
 10179 | D:9      | Found a sacrificial altar of Ru.
 10365 | D:9      | Found a glowing silver altar of Zin.
 10372 | D:9      | Found a white marble altar of Elyvilon.
 10462 | D:9      | Received a gift from Okawaru
 10463 | D:9      | Got a spiked ring mail {god gift}
 10464 | D:9      | Identified the +5 ring mail of Hairiness {Regen+ Dex+4 Stlth+} (Okawaru gifted it to you on level 9 of the Dungeon)
 10488 | D:9      | Noticed a two-headed ogre
 10571 | D:9      | Paralysed by an orc warrior for 2 turns
 10654 | D:9      | Found a staircase to the Lair.
 10794 | D:9      | Killed a two-headed ogre
 10951 | D:10     | Entered Level 10 of the Dungeon
 11018 | D:10     | Reached skill level 10 in Dodging
 11190 | D:10     | Noticed a centaur warrior
 11375 | D:10     | Killed a centaur warrior
 11704 | D:10     | Noticed Fannar
 11725 | D:10     | Killed Fannar
 11725 | D:10     | Reached XP level 12. HP: 94/94 MP: 14/23
 11920 | D:10     | Reached skill level 10 in Unarmed Combat
 12004 | D:10     | Noticed a sphinx
 12017 | D:10     | Killed a sphinx
 12017 | D:10     | Received a gift from Okawaru
 12017 | D:10     | Reached ****** piety under Okawaru
 12131 | D:10     | Gained mutation: You are clumsy. (Dex -2) [potion of mutation]
 12131 | D:10     | Gained mutation: Your natural rate of healing is unusually fast. [potion of mutation]
 12131 | D:10     | Gained mutation: Your flesh is cold resistant. (rC+) [potion of mutation]
 12132 | D:10     | Lost mutation: You are clumsy. (Dex -2) [potion of mutation]
 12132 | D:10     | Gained mutation: You are frail. (-10% HP) [potion of mutation]
 12132 | D:10     | Gained mutation: Scrolls take you a little longer to read. [potion of mutation]
 12132 | D:10     | Gained mutation: Armour fits poorly on your strangely shaped body. [potion of mutation]
 12132 | D:10     | Gained mutation: You have an increased reservoir of magic. (+10% MP) [potion of mutation]
 12133 | D:10     | Lost mutation: You are frail. (-10% HP) [potion of mutation]
 12133 | D:10     | Lost mutation: Armour fits poorly on your strangely shaped body. [potion of mutation]
 12133 | D:10     | Gained mutation: You are frail. (-10% HP) [potion of mutation]
 12133 | D:10     | Gained mutation: You expend magic power (3 MP) to strengthen your wands. [potion of mutation]
 12133 | D:10     | Gained mutation: Your mind is acute. (Int +2) [potion of mutation]
 12353 | D:11     | Found a staircase to the Orcish Mines.
 12439 | D:11     | Noticed a six-headed hydra
 12460 | D:11     | Killed a six-headed hydra
 13078 | D:12     | Received a gift from Okawaru
 13333 | D:12     | Noticed a catoblepas
 13376 | D:12     | HP: 4/87 [catoblepas (5)]
 13377 | D:12     | Slain by a catoblepas

Skill      XL: |  1  2  3  4  5  6  7  8  9 10 11 12 |
---------------+-------------------------------------+-----
Transmutations | 3 4 5 6 7 8 9 11 | 11.9
Unarmed Combat | 4 5 6 7 8 9 10 | 10.5
Poison Magic   | 1 2 3 |  3.0
Dodging        | 3 4 5 6 7 9 10 11 | 11.5
Fighting       | 2 4 6 7 8 9 |  9.7
Spellcasting   | 3 4 5 6 7 8 |  8.3
Ice Magic      | 2 4 5 |  5.1

Action                   |  1- 3 |  4- 6 |  7- 9 | 10-12 || total
-------------------------+-------+-------+-------+-------++-------
Melee: Unarmed           |    65 |   124 |   283 |   622 ||  1094
       Headbutt          |     4 |       |       |       ||     4
       Tailslap          |       |     2 |       |       ||     2
       Punch             |       |     1 |       |     2 ||     3
 Cast: Beastly Appendage |    13 |       |       |       ||    13
       Spider Form       |     3 |    22 |    29 |    45 ||    99
       Sticks to Snakes  |       |     2 |       |    39 ||    41
       Ice Form          |       |       |     5 |     9 ||    14
       Blade Hands       |       |       |       |     5 ||     5
Invok: Heroism           |       |       |     2 |    11 ||    13
 Abil: End Transformatio |       |     1 |       |     3 ||     4
Evoke: Wand              |       |       |       |     7 ||     7
  Use: Scroll            |       |     9 |    13 |     6 ||    28
       Potion            |       |     1 |       |     4 ||     5
 Stab: Sleeping          |       |     2 |     2 |       ||     4
       Distracted        |       |       |       |     3 ||     3
  Eat: Chunk             |     2 |    13 |    13 |    18 ||    46
       Ration            |       |       |     1 |     1 ||     2
Armor: Robe              |     8 |    20 |       |     2 ||    30
       Skin              |       |     4 |    23 |    30 ||    57
       Troll leather arm |       |       |       |     3 ||     3
Dodge: Dodged            |    38 |   116 |   239 |   695 ||  1088
